 Dungeon Crawl Stone Soup version 0.31-a0-164-g2312942fda (webtiles) character file.

Game seed: 16282411955861750016

101 qw the Shooter (level 4, 0/40 HPs)
             Began as a Naga Hunter on June 13, 2023.
             Slain by an orc wizard
             ... wielding a +0 dagger
              (3 damage)
             ... on level 3 of the Dungeon.
             The game lasted 00:00:33 (1506 turns).

qw the Shooter (Naga Hunter)                        Turns: 1506, Time: 00:00:34

Health: 0/40       AC:  2    Str: 13    XL:     4   Next: 75%
Magic:  4/4        EV: 14    Int:  9    God:
Gold:   150        SH:  0    Dex: 17    Spells: 3/3 levels left

rFire   . . .        Y - +0 shortbow
rCold   . . .        (shield currently unavailable)
rNeg    . . .        c - +0 leather armour
rPois   +            (no helmet)
rElec   .            (no cloak)
rCorr   .            (no gloves)
SInv    +            (no barding)
Will    .....        (no amulet)
Stlth   ++           f - +5 ring of evasion
HPRegen 0.26/turn    (no ring)
MPRegen 0.09/turn

%: no passive effects
@: about to teleport, short of breath, very slow
A: AC +1, large, see invisible, deformed body, poison resistance, slowness 2,
spit poison 1, naga tail 1
a: Spit Poison


You were on level 3 of the Dungeon.
You visited 1 branch of the dungeon, and saw 3 of its levels.

You collected 150 gold pieces.


Innate Abilities, Weirdness & Mutations

Your serpentine skin is tough. (AC +1)
You have supernaturally acute eyesight. (SInv)
Armour fits poorly on your strangely shaped body.
Your system is resistant to poisons. (rPois)
You cover ground very slowly.
You can spit poison.
You have a snake-like lower body.


   Skills:
 + Level 2.8 Fighting
 - Level 5.1 Ranged Weapons
 - Level 1.5 Dodging
 - Level 1.5 Stealth


You had 3 spell levels left.
You didn't know any spells.
Your spell library was empty.

Inventory:

Hand Weapons
 Y - a +0 shortbow (weapon)
Armour
 c - a +0 leather armour (worn)
Jewellery
 f - a +5 ring of evasion (left hand)
Scrolls
 a - a scroll of poison {unknown}
 h - a scroll of vulnerability {unknown}
 l - a scroll of teleportation
Potions
 b - a potion of resistance {unknown}
 d - a potion of brilliance {unknown}
 e - a potion of lignification {unknown}
 g - a potion of enlightenment {unknown}
 i - 2 potions of curing {unknown}
 j - a potion of ambrosia {unknown}

Dungeon Overview and Level Annotations

Branches:
Dungeon (3/15)

Altars:


Message History

The splash of poison hits the quokka.
The quokka is poisoned.
The quokka is heavily wounded.
The quokka bites you.
You shoot an arrow.
The arrow hits the quokka but does no damage.
The quokka is almost dead.
You kill the quokka!
The orc priest misses you.
You shoot an arrow.
The arrow hits the orc priest but does no damage.
The orc priest hits you with a +0 dagger.
You shoot an arrow.
The arrow closely misses the orc priest.
The arrow closely misses the orc wizard.
The orc priest barely misses you.
You shoot an arrow. The arrow hits the orc priest.
The orc priest is lightly wounded.
You have got your breath back.
The orc priest hits you with a +0 dagger.
The orc priest closely misses you.
1503 ||| INVOKING Spit Poison.
Aiming: Spit Poison (1% risk of failure)
Press: ? - help, Shift-Dir - straight line, f/p - orc priest The splash of poison hits the orc priest!
The orc priest is severely wounded.
The orc wizard mumbles some strange words.
The orc wizard flickers and vanishes for a moment.
The orc priest invokes the aid of Beogh against you.
Pain shoots through your body!
1504 ||| READING 2 scrolls of teleportation.
As you read the scroll of teleportation, it crumbles to dust.
You feel strangely unstable.
The orc priest calls down the wrath of Beogh upon you.
Pain shoots through your body!
You shoot an arrow. The arrow hits the orc priest!
You kill the orc priest!
You shoot an arrow. The arrow hits the orc wizard.
The orc wizard is lightly wounded.
The orc wizard hits you with a +0 dagger.
You die...

..# ..# ## ... ..
##+##+##.# #.
#.....##.# #.
#.....##.#
#####.####.....##.#
+.....o@.........>#
#####.#####.##%##.#.#
#. #..#.##.#.# ..
##.#.##.#.# o##
.#.##.#.# #o
.#.##.#.# # .#.##.#.#
#.##.#.# #......#


You could see an orc wizard (invisible).

Vanquished Creatures
  An orc priest (D:3)
  3 adders
  A dart slug (D:1)
  3 orcs (D:3)
  4 endoplasms
  7 goblins
  A hobgoblin (D:1)
  4 jackals (D:2)
  2 quokkas
  3 ball pythons
  4 bats
  A frilled lizard (D:1)
  2 kobolds (D:2)
  4 rats
40 creatures vanquished.

Notes
Turn   | Place    | Note
-------+----------+-------------------------------------------
     0 | D:1      | qw the Naga Hunter began the quest for the Orb.
     0 | D:1      | Reached XP level 1. HP: 19/19 MP: 1/1
     0 | D:1      | 0 ||| qw: Version: 0.2-a-29-gc1b59c4
     0 | D:1      | 0 ||| qw: Game counter: 4511
     0 | D:1      | 0 ||| qw: Always use a shield: true
     0 | D:1      | 0 ||| qw: God list: Okawaru
     0 | D:1      | 0 ||| qw: Allow faded altars: false
     0 | D:1      | 0 ||| qw: Do Orc after D:15 true
     0 | D:1      | 0 ||| qw: Do second Lair branch before Depths: true
     0 | D:1      | 0 ||| qw: Lair rune preference: random
     0 | D:1      | 0 ||| qw: Plans: Normal
     0 | D:1      | 0 ||| PLANNING D:1-11
    35 | D:1      | 35 ||| INVOKING Spit Poison.
    62 | D:1      | 62 ||| INVOKING Spit Poison.
    66 | D:1      | 66 ||| INVOKING Spit Poison.
    86 | D:1      | 86 ||| INVOKING Spit Poison.
    88 | D:1      | Reached skill level 4 in Ranged Weapons
    88 | D:1      | Reached XP level 2. HP: 26/26 MP: 2/2
   384 | D:1      | 384 ||| INVOKING Spit Poison.
   418 | D:1      | 418 ||| INVOKING Spit Poison.
   424 | D:1      | 424 ||| INVOKING Spit Poison.
   440 | D:1      | 440 ||| INVOKING Spit Poison.
   443 | D:1      | 443 ||| INVOKING Spit Poison.
   447 | D:1      | 447 ||| INVOKING Spit Poison.
   548 | D:1      | 548 ||| INVOKING Spit Poison.
   583 | D:1      | 583 ||| INVOKING Spit Poison.
   635 | D:1      | 635 ||| UPGRADING to +5 ring of evasion.
   636 | D:1      | 636 ||| READING scroll labelled DOOCOL TEEL.
   637 | D:1      | 637 ||| READING scroll labelled MICLEICUGG.
   638 | D:1      | 638 ||| DROPPING scroll of butterflies.
   849 | D:2      | 849 ||| INVOKING Spit Poison.
   852 | D:2      | 852 ||| INVOKING Spit Poison.
   857 | D:2      | Reached XP level 3. HP: 30/32 MP: 3/3
   874 | D:2      | 874 ||| INVOKING Spit Poison.
   884 | D:2      | 884 ||| INVOKING Spit Poison.
   887 | D:2      | 887 ||| INVOKING Spit Poison.
   909 | D:2      | 909 ||| INVOKING Spit Poison.
   915 | D:2      | 915 ||| INVOKING Spit Poison.
   921 | D:2      | 921 ||| INVOKING Spit Poison.
  1049 | D:2      | 1049 ||| INVOKING Spit Poison.
  1061 | D:2      | 1061 ||| INVOKING Spit Poison.
  1125 | D:2      | 1125 ||| INVOKING Spit Poison.
  1299 | D:2      | 1299 ||| READING scroll labelled XULAIX QY JARPH.
  1300 | D:2      | 1300 ||| READING scroll labelled OMNEQI WIRA.
  1301 | D:2      | 1301 ||| READING 2 scrolls labelled LAUBLUM WIORPH.
  1306 | D:2      | 1306 ||| READING 2 scrolls labelled XIR SUK ASH.
  1307 | D:2      | 1307 ||| DRINKING 2 bubbling inky potions.
  1308 | D:2      | 1308 ||| DROPPING potion of invisibility.
  1309 | D:2      | 1309 ||| DROPPING scroll of noise.
  1409 | D:3      | 1409 ||| INVOKING Spit Poison.
  1414 | D:3      | 1414 ||| INVOKING Spit Poison.
  1415 | D:3      | Reached skill level 5 in Ranged Weapons
  1415 | D:3      | Reached XP level 4. HP: 35/39 MP: 4/4
  1473 | D:3      | 1473 ||| INVOKING Spit Poison.
  1486 | D:3      | 1486 ||| Stepping ~*~*~tactically~*~*~ (outnumbered).
  1488 | D:3      | 1488 ||| INVOKING Spit Poison.
  1491 | D:3      | 1491 ||| Stepping ~*~*~tactically~*~*~ (outnumbered).
  1492 | D:3      | 1492 ||| INVOKING Spit Poison.
  1495 | D:3      | 1495 ||| INVOKING Spit Poison.
  1498 | D:3      | 1498 ||| INVOKING Spit Poison.
  1503 | D:3      | 1503 ||| INVOKING Spit Poison.
  1503 | D:3      | HP: 7/39 [orc priest/nerve-wracking pain (14)]
  1504 | D:3      | 1504 ||| READING 2 scrolls of teleportation.
  1504 | D:3      | HP: 3/39 [orc priest/nerve-wracking pain (5)]
  1506 | D:3      | Slain by an orc wizard

Levels and vault maps discovered:
D:1:      lightli_arrival_statuegarden, layout_basic
D:2:      layout_loops_ring
D:3:      layout_basic

Skill      XL: |  1  2  3 |
---------------+----------+-----
Ranged Weapons | 4 5 |  5.1
Fighting       | |  2.8
Dodging        | |  1.5
Stealth        | |  1.5

Action                     |  1- 3 |  4- 6 || total
---------------------------+-------+-------++-------
   Fire: Shortbow          |    78 |    12 ||    90
Ability: Spit Poison       |    25 |     6 ||    31
    Use: Scroll            |     6 |     1 ||     7
         Potion            |     1 |       ||     1
 Armour: Leather armour    |    10 |       ||    10
  Dodge: Dodged            |    40 |     7 ||    47

Table legend:
 A = Non-vault XP
 B = Vault XP
 C = Vault XP percentage of total XP
 D = Non-vault monster count
 E = Vault monster count
 F = Vault count percentage of total count
                 A         B        C        D         E       F
            +---------+---------+-------+---------+---------+-------
      Total |     145 |       0 |   0.0 |      40 |       0 |   0.0
            +---------+---------+-------+---------+---------+-------
        D:1 |      27 |       0 |   0.0 |      16 |       0 |   0.0
        D:2 |      51 |       0 |   0.0 |      16 |       0 |   0.0
        D:3 |      67 |       0 |   0.0 |       8 |       0 |   0.0
            +---------+---------+-------+---------+---------+-------
